 Dungeon Crawl Stone Soup version 0.28-a0-1624-g820543e53a (webtiles) character file.

Game seed: 7473824876731877953

25 cheechan the Charlatan (level 2, 0/12 HPs)
             Began as a Felid Artificer on Jan 23, 2022.
             Frozen to death by an endoplasm (3 damage)
             ... on level 1 of the Dungeon.
             The game lasted 00:03:16 (491 turns).

cheechan the Charlatan (Felid Artificer)             Turns: 491, Time: 00:03:17

Health: 0/12       AC:  1    Str:  8    XL:     2   Next: 86%
Magic:  3/3        EV: 18    Int: 12    God:
Gold:   24         SH:  0    Dex: 16    Spells: 0/1 levels left
                                        Lives:  0   Deaths: 0

rFire   . . .      SeeInvis +   (weapon unavailable)
rCold   . . .      Faith    .   (shield unavailable)
rNeg    . . .      Spirit   .   (armour unavailable)
rPois   .          Reflect  .   (helmet unavailable)
rElec   .          Harm     .   (cloak unavailable)
rCorr   .          Rampage  .   (gloves unavailable)
Will    .....                   (boots unavailable)
Stlth   ++........              (no amulet)
HPRegen 0.04/turn               (no ring)
MPRegen 0.08/turn               (no ring)

@: quick
A: very small, claws 1, fangs 3, see invisible, speed 1, shaggy fur 1, stealthy
paws, no weapons or thrown items, no armour, multi-lived
a: no special abilities


You were on level 1 of the Dungeon.
You visited 1 branch of the dungeon, and saw 1 of its levels.

You collected 24 gold pieces.

Inventory:

Missiles
 f - 28 stones
Wands
 b - a wand of charming (8) (quivered)
Scrolls
 a - a scroll of noise
Potions
 d - a potion of ambrosia
Miscellaneous
 c - a piece from Xom's chessboard (14/15)


   Skills:
 + Level 1.0 Fighting
 + Level 3.6 Dodging
 + Level 1.4 Stealth
 + Level 0.2 Unarmed Combat
 + Level 4.2 Evocations


You couldn't memorise any spells.
You knew the following spells:

 Your Spells              Type           Power      Damage    Failure   Level
a - Slow                  Hex            0%         N/A       32%         1

Your spell library contained the following spells:

 Spells                   Type           Power      Damage    Failure   Level
 Confusing Touch          Hex            0%         N/A       69%         3
 Vampiric Draining        Necr           0%         2d6       69%         3


Dungeon Overview and Level Annotations

Branches:
Dungeon (1/15)

Altars:


Innate Abilities, Weirdness & Mutations

You have sharp claws.
You have razor-sharp teeth.
You have supernaturally acute eyesight. (SInv)
You cover ground quickly. (Speed+)
You are covered in fur. (AC +1)
Your paws help you pounce on unaware monsters.
You are incapable of wielding weapons or throwing items.
You cannot wear armour.
You gain extra lives every three experience levels.


Message History

The bat is severely wounded.
The bat barely misses you. The bat hits you but does no damage.
You closely miss the bat.
The bat is severely wounded.
The bat misses you. x2; The bat hits you but does no damage.
You scratch the bat.
You kill the bat!
Found a stone staircase leading down.
A bat comes into view.
The bat barely misses you.
You barely miss the bat. Your bite misses the bat. The bat hits you.
The bat misses you. The bat hits you.
You barely miss the bat. The bat barely misses you.
The bat hits you but does no damage.
You scratch the bat. You bite the bat.
You kill the bat!
A rat comes into view.
Found a scroll labelled TEWOEG FUNGA.
The rat misses you.
You scratch the rat. You bite the rat.
You kill the rat!
a - 2 scrolls labelled TEWOEG FUNGA (gained 1)
Okay, then.
As you read the scroll labelled TEWOEG FUNGA, it crumbles to dust.
You hear a loud clanging noise!
It was a scroll of noise.
You hear an angry hiss.
As you read the scroll labelled LERHYO XARECI, it crumbles to dust.
It is a scroll of identify.
d - a potion of ambrosia An endoplasm comes into view.
The endoplasm freezes you.
You are frozen.
* * * LOW HITPOINT WARNING * * *
You scratch the endoplasm.
The endoplasm is lightly wounded.
The endoplasm freezes you.
You are frozen.
You die...

#### ##...## #.....
##### #... #...######J#
#.........@#
#.....######
#.....######
#..........#
#......################
#......## #..........#.
#.......####............
#...##.....#..........#
#...##.###............#


You could see an endoplasm.

Vanquished Creatures
  8 ball pythons (D:1)
  An endoplasm (D:1)
  A giant cockroach (D:1)
  A hobgoblin (D:1)
  A jackal (D:1)
  A kobold (D:1)
  A quokka (D:1)
  4 bats (D:1)
  A rat (D:1)
19 creatures vanquished.

Vanquished Creatures (collateral kills)
  2 giant cockroaches (D:1)
  A jackal (D:1)
3 creatures vanquished.

Vanquished Creatures (others)
  2 jackals (D:1)
2 creatures vanquished.

Grand Total: 24 creatures vanquished

Notes
Turn   | Place    | Note
-------+----------+-------------------------------------------
     0 | D:1      | cheechan the Felid Artificer began the quest for the Orb.
     0 | D:1      | Reached XP level 1. HP: 9/9 MP: 2/2
     2 | D:1      | Noticed a vine stalker
     2 | D:1      | Noticed a felid
     4 | D:1      | Noticed a ghoul
     4 | D:1      | Noticed a human
     6 | D:1      | Noticed a tengu
     8 | D:1      | Noticed a dwarf
    10 | D:1      | Noticed an ogre
    12 | D:1      | Noticed a formicid
    12 | D:1      | Noticed a naga
    14 | D:1      | Noticed an octopode
    16 | D:1      | Noticed an elf
    16 | D:1      | Noticed a demonspawn
    19 | D:1      | Noticed a vampire
    21 | D:1      | Noticed a draconian
    21 | D:1      | Noticed a gargoyle
    23 | D:1      | Noticed a demigod
    23 | D:1      | Noticed a spriggan
    25 | D:1      | Noticed a troll
    25 | D:1      | Noticed a merfolk
    27 | D:1      | Noticed a minotaur
    68 | D:1      | Reached XP level 2. HP: 2/12 MP: 3/3
   173 | D:1      | Reached skill level 4 in Evocations
   199 | D:1      | Learned a level 1 spell: Slow
   491 | D:1      | Frozen to death by an endoplasm

Illustrated notes

Levels and vault maps discovered:
D:1:      kb_arrival_jail, layout_rooms, serial_curves, eino_curves_02,
          eino_curves_01, amcnicky_mini_pool_small

Skill      XL: |  1  2 |
---------------+-------+-----
Evocations     | 4 |  4.2
Fighting       | |  1.0
Dodging        | |  3.6
Stealth        | |  1.4
Unarmed Combat | |  0.2

Action                   || total
-------------------------++-------
Melee: Unarmed           ||    39
       Bite              ||     4
Evoke: Wand              ||    22
       Piece from Xom's  ||     1
  Use: Scroll            ||     2
 Stab: Paralysed         ||     1
       Betrayed ally     ||     1
Armor: Skin              ||     6
Dodge: Dodged            ||    48

Table legend: (Time is in decaauts)
 A = Elapsed time spent in this place.
 B = Non-inter-level travel time spent in this place.
 C = Inter-level travel time spent in this place.
 D = Time resting spent in this place.
 E = Time spent auto-exploring this place.
 F = Levels seen in this place.
 G = Mean time per level.
                   A        B        C        D        E       F      G
               +--------+--------+--------+--------+--------+-----+--------+
         Total |    408 |    408 |      0 |      0 |      0 |   1 |  408.0 |
       Dungeon |    408 |    408 |      0 |      0 |      0 |   1 |  408.0 |
               +--------+--------+--------+--------+--------+-----+--------+

Top non-repeatable levels by time:
     D:1: 408 daAuts
